 Dungeon Crawl Stone Soup version 0.24-a0-696-gd18775d (webtiles) character file.

Game seed: 2815931580583137878, levelgen mode: deterministic

213 Firecrotchwizard the Sneak (level 5, -1/26 HPs)
             Began as a Vine Stalker Assassin on Sept 25, 2019.
             Slain by a worm (3 damage)
             ... on level 4 of the Dungeon on Sept 29, 2019.
             The game lasted 00:07:49 (3459 turns).

Firecrotchwizard the Sneak (Vine Stalker Assassin)  Turns: 3459, Time: 00:07:50

Health: -1/26      AC:  3    Str: 15    XL:     5   Next: 90%
Magic:  0/6        EV: 11    Int: 11    God:
Gold:   169        SH:  0    Dex: 15    Spells: 4/4 levels left

rFire    . . .     SeeInvis .   a - +2 dagger
rCold    . . .     Gourm    .   (no shield)
rNeg     . . .     Faith    .   b - +0 robe
rPois    .         Spirit   +   (no helmet)
rElec    .         Reflect  .   c - +0 cloak
rCorr    .         Harm     .   (no gloves)
MR       .....                  (no boots)
Stlth    +++.......             (no amulet)
HPRegen  0.48/turn              (no ring)
MPRegen  0.10/turn              (no ring)

@: no status effects
A: fangs 2, regeneration 1, magic shield, antimagic bite, no potion heal 3, rot
immunity
a: no special abilities


You were on level 4 of the Dungeon.
You were not hungry.

You visited 1 branch of the dungeon, and saw 4 of its levels.

You collected 169 gold pieces.

Inventory:

Hand Weapons
 a - a +2 dagger (weapon)
Missiles
 d - 19 poisoned darts
 e - 2 curare-tipped darts
 w - a throwing net {=f, !d}
Armour
 b - a +0 robe (worn)
 c - a +0 cloak (worn)
Jewellery
 t - an uncursed amulet of harm {unknown}
   (You found it on level 3 of the Dungeon)
Wands
 p - a wand of enslavement (5)
   (You found it on level 2 of the Dungeon)
Scrolls
 g - a scroll of amnesia {unknown}
 l - a scroll of immolation {unknown}
 n - a scroll of fear {unknown}
 o - a scroll of fog {unknown}
 s - 2 scrolls of teleportation {unknown}
 u - a scroll of remove curse {unknown}
 v - 2 scrolls of enchant armour {unknown}
Potions
 h - 3 potions of heal wounds {unknown}
 i - a potion of mutation {unknown}
 k - a potion of curing {unknown}
 m - a potion of magic {unknown}
 q - 2 potions of lignification {unknown}
 r - 2 potions of flight {unknown}
 x - a potion of haste {unknown}
Comestibles
 f - 12 rations
 j - 6 chunks of flesh {@w0}


   Skills:
 + Level 2.1 Fighting
 * Level 4.0 Short Blades
 - Level 1.7 Throwing
 - Level 0.7 Dodging
 + Level 6.9 Stealth


You had 4 spell levels left.
You didn't know any spells.
Your spell library was empty.

Dungeon Overview and Level Annotations

Branches:
Dungeon (4/15)
 Temple: D:4-7

Altars:
Zin
The Shining One


Innate Abilities, Weirdness & Mutations

You have extremely sharp teeth.
Your natural rate of healing is unusually fast.
When hurt, damage is shared between your health and your magic reserves.
Your bite disrupts and absorbs the magic of your enemies.
Potions cannot restore your health.
You are immune to rotting.


Message History

You are too injured to fight recklessly!
You are too injured to fight recklessly!
The adder bites you.
You are poisoned.
The adder poisons you!
You take 2 damage, and have 17/26 hp.
You feel sick. The bullfrog skeleton misses you.
The bullfrog skeleton closely misses you.
You take 1 damage, and have 16/26 hp.
You feel sick.
There is a stone staircase leading up here.
The adder closely misses you.
The bullfrog skeleton barely misses you.
You climb upwards.
You feel sick.
There is a stone staircase leading down, spattered with blood here.
You closely miss the adder. Your bite misses the adder.
The adder bites you but does no damage.
You miss the adder. The adder bites you.
You take 1 damage, and have 15/26 hp.
You now have 3/6 mp.
You closely miss the adder.
You feel sick. The adder bites you.
You take 2 damage, and have 13/26 hp.
You closely miss the adder. Your bite misses the adder.
The adder bites you but does no damage. The adder closely misses you.
You closely miss the adder. The adder closely misses you.
You hit the adder. The adder completely misses you.
You hit the adder. You bite the adder. You drain its power.
You feel invigorated.
You feel sick. The adder bites you.
You take 2 damage, and have 12/26 hp.
You closely miss the adder. Your bite misses the adder. The adder bites you.
You are more poisoned.
The adder poisons you!
You take 2 damage, and have 10/26 hp.
You now have 2/6 mp.
You hit the adder.
You kill the adder!
Your Short Blades skill increases to level 4!
You feel sick.
You take 1 damage, and have 10/26 hp.
There is a stone staircase leading down, spattered with blood here.
You start resting.
You feel sick. x7
You are no longer poisoned.
You regained 4 hp, and now have 14/26 hp.
You regained 2 mp, and now have 5/6 mp.
You start resting.
Health restored: 26; MP restored: 6 You climb downwards.
The bullfrog skeleton hits you.
The bullfrog skeleton closely misses you.
There is a stone staircase leading up here.
You take 4 damage, and have 22/26 hp.
You now have 4/6 mp.
You hit the bullfrog skeleton. The bullfrog skeleton hits you.
You take 3 damage, and have 19/26 hp.
You now have 3/6 mp.
You are too injured to fight recklessly!
You are too injured to fight recklessly!
You are too injured to fight recklessly!
You are too injured to fight recklessly!
You hit the bullfrog skeleton.
You bite the bullfrog skeleton, but do no damage.
The bullfrog skeleton barely misses you.
You hit the bullfrog skeleton.
The bullfrog skeleton barely misses you.
You hit the bullfrog skeleton. You bite the bullfrog skeleton.
You drain its power.
You feel invigorated.
The bullfrog skeleton hits you but does no damage.
You hit the bullfrog skeleton. You bite the bullfrog skeleton.
You drain its power.
You feel invigorated. The bullfrog skeleton hits you.
You take 1 damage, and have 19/26 hp.
You barely miss the bullfrog skeleton.
The bullfrog skeleton hits you but does no damage.
You hit the bullfrog skeleton. Your bite misses the bullfrog skeleton.
The bullfrog skeleton hits you.
You take 2 damage, and have 17/26 hp.
You hit the bullfrog skeleton.
The bullfrog skeleton closely misses you.
You hit the bullfrog skeleton. Your bite misses the bullfrog skeleton.
The bullfrog skeleton barely misses you.
You hit the bullfrog skeleton. The bullfrog skeleton hits you.
The worm bites you.
You take 7 damage, and have 11/26 hp.
MASSIVE DAMAGE!!
You now have 3/6 mp.
You barely miss the worm. You bite the worm. You drain its power.
You feel invigorated. The bullfrog skeleton hits you.
You take 3 damage, and have 8/26 hp.
You regained 2 mp, and now have 5/6 mp.
You hit the worm. You bite the worm. You drain its power.
You feel invigorated.
The bullfrog skeleton closely misses you.
The worm bites you!
* * * LOW HITPOINT WARNING * * *
You take 4 damage, and have 4/26 hp.
You now have 2/6 mp.
You hit the worm but do no damage. Your bite misses the worm.
The bullfrog skeleton barely misses you.
You barely miss the worm.
The bullfrog skeleton closely misses you.
The worm closely misses you.
You hit the worm.
The bullfrog skeleton completely misses you.
The bullfrog skeleton hits you.
* * * LOW HITPOINT WARNING * * *
You take 3 damage, and have 2/26 hp.
You now have 1/6 mp.
Unknown command.
You hit the worm. You bite the worm, but do no damage. The worm bites you.
You die...

#.>..## #####
#.....##
######...##
##......#
.........(#
##.........#
#####.....##
##...####.....
####...# ##...##
#.... ##..##
##...## ####
##...####.w.##
###....##.Z@.##
#####...........##
##.......###....##
....###### ##[.[##
.#### #....# ##
##.......... #
#.....#####
#######


You could see a worm and a bullfrog skeleton.

Vanquished Creatures
  An orc priest (D:4)
  Ijyb (D:3)
  6 adders
  2 oozes
  3 worms
  3 dart slugs
  4 leopard geckos
  6 orcs
  A giant cockroach (D:3)
  5 goblins
  12 hobgoblins
  4 jackals (D:1)
  2 quokkas (D:2)
  5 bats
  2 frilled lizards (D:3)
  8 kobolds
  A quokka skeleton (D:4)
  7 rats
73 creatures vanquished.

Notes
Turn   | Place    | Note
-------+----------+-------------------------------------------
     0 | D:1      | Firecrotchwizard the Vine Stalker Assassin began the quest
                  | for the Orb.
     0 | D:1      | Reached XP level 1. HP: 11/11 MP: 2/2
   135 | D:1      | HP: 2/11 [hobgoblin/cursed +0 club (5)]
   454 | D:1      | Reached skill level 2 in Short Blades
   454 | D:1      | Reached skill level 5 in Stealth
   487 | D:1      | Reached XP level 2. HP: 15/15 MP: 3/3
   878 | D:1      | Reached XP level 3. HP: 14/18 MP: 2/4
  1607 | D:2      | HP: 4/18 [hobgoblin/+0 club (2)]
  1918 | D:2      | Gained mutation: Your natural rate of healing is unusually
                  | fast. [Vine Stalker growth]
  1918 | D:2      | Reached XP level 4. HP: 23/23 MP: 5/5
  1940 | D:2      | Reached skill level 3 in Short Blades
  1940 | D:2      | Reached skill level 6 in Stealth
  2010 | D:2      | Found a glowing golden altar of the Shining One.
  2460 | D:3      | Upgraded the game from 0.24-a0-640-ge7cd8ce to
                  | 0.24-a0-696-gd18775d
  2564 | D:3      | Reached XP level 5. HP: 26/26 MP: 6/6
  2614 | D:3      | Noticed Ijyb
  2839 | D:3      | Found a glowing silver altar of Zin.
  2947 | D:3      | Killed Ijyb
  3286 | D:4      | Reached skill level 2 in Fighting
  3393 | D:3      | Reached skill level 4 in Short Blades
  3455 | D:4      | HP: 4/26 [worm (4)]
  3459 | D:4      | Slain by a worm

Levels and vault maps discovered:
D:1:      dpeg_arrival_fog, layout_rooms, supply_closet_lemuel
D:2:      layout_rooms, lemuel_crystal_altar
D:3:      layout_basic, zin_statuary, solitary_fountain, minivault_25,
          chequers_serial_rivers_small_b, uniq_ijyb
D:4:      layout_layer_cave, minmay_temple_entry_from_below_a, first_ration,
          minivault_1, uniq_eustachio, uniq_sigmund, uniq_edmund

Skill      XL: |  1  2  3  4  5 |
---------------+----------------+-----
Short Blades   | 2 3 4 |  4.0
Stealth        | 5 6 |  6.9
Fighting       | 2 |  2.1
Throwing       | |  1.7
Dodging        | |  0.7

Action                   |  1- 3 |  4- 6 || total
-------------------------+-------+-------++-------
Melee: Dagger            |   117 |   149 ||   266
       Bite              |    27 |    37 ||    64
       Unarmed           |       |    40 ||    40
Throw: Dart              |     3 |       ||     3
 Stab: Sleeping          |     4 |    10 ||    14
  Eat: Chunk             |     3 |     5 ||     8
Armor: Robe              |    41 |    24 ||    65
Dodge: Dodged            |    68 |    85 ||   153

Table legend:
 A = Non-vault XP
 B = Vault XP
 C = Vault XP percentage of total XP
 D = Non-vault monster count
 E = Vault monster count
 F = Vault count percentage of total count
                 A         B        C        D         E       F
            +---------+---------+-------+---------+---------+-------
      Total |     269 |      36 |  11.8 |      72 |       1 |   1.4
            +---------+---------+-------+---------+---------+-------
        D:1 |      45 |       0 |   0.0 |      20 |       0 |   0.0
        D:2 |      77 |       0 |   0.0 |      21 |       0 |   0.0
        D:3 |      96 |      36 |  27.3 |      26 |       1 |   3.7
        D:4 |      51 |       0 |   0.0 |       5 |       0 |   0.0
            +---------+---------+-------+---------+---------+-------

Levels and vault maps discovered:
D:1:      dpeg_arrival_fog, layout_rooms, supply_closet_lemuel
D:2:      layout_rooms, lemuel_crystal_altar
D:3:      layout_basic, zin_statuary, solitary_fountain, minivault_25,
          chequers_serial_rivers_small_b, uniq_ijyb
D:4:      layout_layer_cave, minmay_temple_entry_from_below_a, first_ration,
          minivault_1, uniq_eustachio, uniq_sigmund, uniq_edmund

Table legend:
 A = Turns spent in this place as a percentage of turns spent in the entire game.
 B = Non-inter-level travel turns spent in this place as a percentage of non-inter-level travel turns spent in the entire game.
 C = Inter-level travel turns spent in this place as a percentage of turns spent in this place.
 D = Turns resting spent in this place as a percentage of non-inter-level travel turns spent in this place.
 E = Turns spent auto-exploring this place as a percentage of non-inter-level travel turns spent in this place.
 F = Non-inter-level travel turns spent in this place divided by the number of levels of this place that you've seen.
                   A       B       C       D       E      F
               +-------+-------+-------+-------+-------+----------------------
         Total | 100.0 | 100.0 |   5.0 |  32.9 |  44.1 | 821.8
       Dungeon | 100.0 | 100.0 |   5.0 |  32.9 |  44.1 | 821.8
               +-------+-------+-------+-------+-------+----------------------

Table legend:
 A = Kills in this place as a percentage of kills in entire the game.
 B = Kills by you in this place as a percentage of kills by you in the entire game.
 C = Kills by friends in this place as a percentage of kills by friends in the entire game.
 D = Other kills in this place as a percentage of other kills in the entire game.
 E = Experience gained in this place as a percentage of experience gained in the entire game.
 F = Experience gained in this place divided by the number of levels of this place that you have seen.
                   A       B       C       D       E      F
               +-------+-------+-------+-------+-------+----------------------
         Total | 100.0 | 100.0 |   N/A |   N/A | 100.0 |  76.2
       Dungeon | 100.0 | 100.0 |   N/A |   N/A | 100.0 |  76.2
               +-------+-------+-------+-------+-------+----------------------
